Map: Emerald City CE

Players

용감한저글링

  • Race: Zerg Zerg
  • Spawn Location: 11:00

宫颈糜烂

  • Race: Terran Terran
  • League: Gold
  • Spawn Location: 11:00

老表一番炸

  • Race: Terran Terran
  • League: Platinum
  • Spawn Location: 5:00

星际教主

  • Race: Terran Terran
  • League: Platinum
  • Spawn Location: 5:00

VOD

Have the link to the VOD?

Description

Time

  • Played on: May 31, 2024, 3:44 a.m.
  • Length: 14:23
Show
View Real Time Build Order
Export as new Build Order

용감한저글링 Zerg 

Build Orders: Hatch First 

Get SALT Encoding   

  12  0:00  Drone  
  13  0:09  Drone  
  14  0:17  Extractor  
  14  0:18  Drone  
  15  0:43  Hatchery  
  14  0:57  Overlord  
  14  1:03  Spawning Pool  
  13  1:04  Drone  
  14  1:22  Drone x3  
  17  1:55  Queen  
  17  2:00  Queen  
  21  2:03  Hatchery  
  20  2:11  Zergling x6  
  23  2:22  Extractor  
  22  2:24  Drone x4  
  26  2:38  Overlord  
  25  2:52  Drone  
  25  2:58  Drone x3  
  28  3:03  Drone, Queen  
  32  3:11  Queen  
  34  3:13  Drone  
  34  3:46  Metabolic Boost  
  33  3:54  Overlord x2  
  33  3:58  Zergling x2  
  34  4:07  Extractor  
  34  4:09  Queen, Baneling Nest  
  34  4:20  Drone x11  
  34  4:21  Drone x2  
  47  4:34  Evolution Chamber  
  47  4:36  Evolution Chamber  
  44  4:55  Extractor  
  44  4:56  Extractor  
  40  5:02  Zerg Melee Weapons Level 1  
  40  5:05  Zergling x6  
  40  5:06  Zergling x14  
  50  5:08  Overlord x2  
  49  5:35  Zerg Ground Armor Level 1  
  49  5:37  Drone x2  
  49  5:40  Lair  
  51  5:58  Drone x3  
  51  6:00  Drone x4  
  51  6:01  Drone  
  51  6:02  Overlord x2, Hatchery  
  56  6:30  Hatchery  
  55  6:34  Drone  
  55  6:35  Drone  
  57  6:43  Hydralisk Den  
  56  6:55  Overseer x2  
  56  7:21  Drone x3  
  58  7:25  Muscular Augments  
  58  7:31  Queen  
  58  7:34  Hydralisk x11  
  82  7:57  Drone x3  
  85  8:01  Zerg Missile Weapons Level 1, Zerg Ground Armor Level 2  
  85  8:03  Overlord x2  
  85  8:04  Overlord  
  85  8:06  Overlord x2  
  85  8:08  Drone x3  
  88  8:26  Drone x2  
  90  8:29  Grooved Spines  
  90  8:32  Baneling x2  
  90  8:33  Baneling x3  
  79  8:52  Zergling x28, Extractor x2  
  79  8:53  Zergling x16  
  79  8:55  Queen  
  100  9:00  Centrifugal Hooks  
  76  9:45  Hydralisk x2  
  73  9:46  Hydralisk x10  
  73  9:50  Queen  
  99  9:56  Baneling  
  99  9:57  Baneling x13  
  99  10:08  Hatchery  
  98  10:20  Zergling x12  
  104  10:29  Zerg Melee Weapons Level 2  
  104  10:32  Zergling x2  
  104  10:33  Zergling x6  
  95  10:49  Zergling x4  
  61  10:50  Zergling x2  
  55  11:04  Zergling x2  
  55  11:05  Zergling x8  
  60  11:22  Zergling x4  
  60  11:23  Zergling x6  
  60  11:24  Zergling x2  
  59  11:44  Zergling x2  
  59  11:45  Zergling x16  
  67  12:07  Hatchery  
  66  12:23  Nydus Network  
  59  12:40  Zergling x2  
  59  12:41  Zergling x30  
  59  12:43  Queen  
  67  12:50  Zergling x2  
  68  13:09  Extractor  
  68  13:10  Extractor  
  46  13:21  Zergling x2  
  46  13:22  Zergling x22  
  49  13:54  Zergling x14  
  49  14:10  Infestation Pit  
Show
View Real Time Build Order
Export as new Build Order

宫颈糜烂 Terran 

Build Orders: 2 Factory, Reaper Expand, Mech 

Get SALT Encoding   

  12  0:00  SCV  
  13  0:12  SCV  
  14  0:23  Supply Depot  
  14  0:29  SCV  
  15  0:36  Refinery  
  15  0:44  SCV  
  15  0:47  Barracks  
  16  1:01  SCV  
  17  1:12  Supply Depot  
  17  1:13  SCV  
  18  1:25  SCV  
  19  1:36  Reaper  
  19  1:38  Orbital Command  
  20  1:59  Command Center  
  20  2:04  SCV  
  21  2:11  Refinery  
  21  2:17  Barracks Reactor  
  21  2:21  Factory  
  21  2:29  SCV  
  21  2:57  Supply Depot  
  21  3:00  Factory  
  22  3:12  SCV  
  21  3:24  SCV  
  21  3:26  Barracks Tech Lab, Cyclone x2  
  26  3:44  SCV  
  27  3:57  Barracks Tech Lab, Starport  
  27  3:59  Orbital Command  
  27  4:06  Hellion x2  
  27  4:09  Refinery  
  31  4:12  SCV  
  32  4:24  SCV  
  32  4:27  SCV  
  32  4:28  Siege Tank  
  37  4:36  SCV  
  38  4:39  SCV  
  38  4:44  Barracks Tech Lab  
  39  4:48  SCV  
  39  4:51  SCV  
  41  4:56  Interference Matrix  
  41  4:58  Factory  
  41  5:02  Hellion x2  
  41  5:25  Hellion x2  
  41  5:27  Siege Tank  
  48  5:30  SCV x2  
  50  5:36  Refinery  
  50  5:42  SCV  
  50  5:43  SCV, Supply Depot x2  
  52  5:55  Barracks Reactor, SCV x2  
  54  5:57  Infernal Pre-Igniter  
  54  5:58  Armory  
  54  5:59  Factory  
  54  6:05  Hellion x2  
  58  6:18  Siege Tank  
  61  6:25  Command Center  
  61  6:28  Cyclone, Hellion x2  
  67  6:42  Engineering Bay  
  66  6:49  Cyclone  
  50  7:26  Terran Vehicle Weapons Level 1  
  50  7:33  Missile Turret  
  50  7:36  SCV x2, Missile Turret  
  52  7:37  Siege Tank x2, Factory Tech Lab  
  52  7:39  Raven  
  60  7:48  SCV x2  
  62  7:55  Missile Turret  
  62  7:56  Armory  
  62  8:00  SCV x2  
  62  8:02  Hellion x2  
  66  8:31  Cyclone x2  
  66  8:32  Siege Tank  
  66  8:33  Siege Tank x2  
  73  9:30  Siege Tank  
  76  9:35  Siege Tank  
  76  9:39  Terran Vehicle Weapons Level 2  
  76  9:41  Siege Tank, Supply Depot x2  
  76  9:42  Supply Depot  
  79  9:46  SCV  
  79  9:47  SCV  
  81  9:59  SCV  
  82  10:02  Siege Tank  
  85  10:07  Siege Tank  
  85  10:10  SCV  
  85  10:11  SCV  
  90  10:18  Terran Vehicle And Ship Armor Level 1  
  68  11:05  Hellion  
  68  11:06  Siege Tank, Cyclone x2, Hellion  
  79  11:19  SCV x2  
  81  11:28  Missile Turret  
  81  11:31  SCV x2  
  83  11:38  Siege Tank x2  
  89  11:43  SCV  
  90  11:49  Missile Turret  
  91  12:08  Siege Tank  
  91  12:09  Raven  
  91  12:10  Siege Tank  
  91  12:11  Siege Tank  
  91  12:12  Cyclone  
  97  12:44  Raven  
  88  13:02  Starport  
  88  13:03  Starport  
  79  13:26  Siege Tank  
  79  13:27  Thor  
  74  13:50  Starport Reactor x2  
  82  14:23  Missile Turret  
Show
View Real Time Build Order
Export as new Build Order

老表一番炸 Terran 

Build Orders: Reaper Expand, Mech 

Get SALT Encoding   

  12  0:00  SCV  
  13  0:12  SCV  
  14  0:18  Supply Depot  
  14  0:25  SCV  
  15  0:39  SCV  
  15  0:41  Barracks  
  16  0:45  Refinery  
  16  0:51  SCV  
  17  1:03  SCV  
  18  1:16  SCV  
  19  1:28  Orbital Command  
  19  1:30  Reaper  
  20  1:42  Command Center  
  21  1:54  SCV, Supply Depot  
  21  2:05  Factory  
  21  2:06  Marine  
  22  2:10  Refinery  
  22  2:17  SCV  
  23  2:25  Barracks Reactor  
  23  2:29  SCV  
  24  2:41  SCV  
  25  2:53  SCV  
  25  2:55  Starport  
  26  3:09  Starport  
  28  3:13  Hellion x2  
  28  3:14  Barracks Tech Lab  
  28  3:18  SCV  
  31  3:29  Orbital Command  
  31  3:33  SCV  
  32  3:45  SCV  
  33  3:49  Starport Reactor, Command Center  
  33  3:57  Banshee  
  36  4:04  Hellion  
  38  4:13  SCV  
  38  4:16  Marine, Supply Depot  
  40  4:22  Hellion  
  42  4:28  Cloaking Field  
  42  4:34  Marine  
  42  4:35  SCV  
  44  4:39  Banshee  
  47  4:46  SCV  
  47  4:47  Factory  
  47  4:48  Refinery  
  47  4:51  SCV  
  47  4:52  Marine  
  50  4:54  Refinery  
  50  4:57  Supply Depot  
  50  5:06  Viking  
  52  5:10  Marine  
  53  5:27  Marine  
  52  5:31  Factory  
  52  5:32  Engineering Bay  
  52  5:34  Factory Tech Lab, Supply Depot  
  52  5:39  SCV  
  52  5:40  SCV  
  54  5:45  Marine  
  54  5:46  Orbital Command  
  55  5:51  SCV  
  55  5:52  SCV  
  57  5:59  Armory  
  57  6:03  Marine  
  57  6:04  SCV  
  59  6:12  SCV  
  59  6:16  SCV  
  61  6:20  Factory Tech Lab  
  61  6:21  Marine, Siege Tank  
  65  6:28  SCV  
  65  6:29  SCV  
  67  6:33  Factory  
  67  6:36  Factory  
  67  6:39  Marine  
  68  6:41  SCV  
  68  6:42  SCV  
  68  6:46  Terran Infantry Weapons Level 1  
  70  6:53  SCV  
  71  6:54  SCV  
  71  6:56  Marine  
  70  7:14  Marine  
  71  7:17  Siege Tank x2, Factory Tech Lab  
  71  7:22  Viking x2  
  78  7:24  Interference Matrix  
  78  7:28  SCV x2  
  80  7:30  SCV  
  80  7:32  Marine  
  82  7:40  SCV x2  
  82  7:41  Factory Tech Lab  
  82  7:42  SCV  
  85  7:45  Hellion x2  
  85  7:46  Infernal Pre-Igniter, Hellion  
  85  7:50  Marine  
  92  7:51  Refinery  
  92  7:52  SCV  
  93  8:10  Supply Depot  
  93  8:11  Terran Vehicle Weapons Level 1  
  93  8:12  Siege Tank x2, Hellion  
  101  8:13  Supply Depot  
  101  8:16  Supply Depot  
  101  8:19  Marine, SCV x2  
  101  8:23  SCV  
  101  8:32  Siege Tank x2, SCV  
  108  8:34  Medivac, Viking  
  108  8:35  Hellion  
  108  8:36  Marine, SCV x2  
  117  8:41  Terran Infantry Weapons Level 2  
  117  8:48  Supply Depot  
  117  8:51  Siege Tank  
  117  8:54  Marine, Hellion x2  
  131  9:10  Hellion x3  
  131  9:12  Marine  
  131  9:13  SCV  
  131  9:14  Armory  
  131  9:16  Refinery  
  133  9:30  Command Center  
  133  9:58  Hellion  
  133  10:39  Marine  
  133  10:40  Medivac x2, SCV  
  133  10:41  SCV x2, Hellion  
  133  10:42  Siege Tank x2, Viking, Hellion x3  
  132  10:45  Refinery  
  116  10:57  Marine  
  116  11:02  Siege Tank  
  116  11:03  Siege Tank  
  123  11:10  Liberator x2  
  129  11:14  Siege Tank x2  
  129  11:15  Marine  
  136  11:33  Marine  
  136  11:34  Siege Tank  
  136  11:39  Hellbat x2  
  144  11:45  Medivac x2  
  148  12:00  Liberator  
  148  12:04  Marine  
  146  12:10  Planetary Fortress  
  146  12:16  Supply Depot  
  146  12:18  Siege Tank, Supply Depot  
  146  12:21  Supply Depot  
  148  12:37  Marine, Siege Tank x2  
  155  12:55  Marine, Command Center  
  155  12:56  Command Center  
  155  12:58  SCV  
  157  14:04  Supply Depot x2  
  157  14:07  SCV x3, Supply Depot  
  187  14:10  Supply Depot  
Show
View Real Time Build Order
Export as new Build Order

星际教主 Terran 

Build Orders:  

Get SALT Encoding   

  12  0:00  SCV  
  13  0:12  SCV  
  14  0:18  Supply Depot  
  14  0:26  SCV  
  15  0:40  SCV  
  15  0:42  Barracks  
  16  0:46  Refinery  
  16  0:52  SCV  
  17  1:04  SCV  
  18  1:16  Refinery, SCV  
  19  1:34  SCV  
  19  1:36  Reaper  
  21  1:46  Command Center  
  21  1:53  Orbital Command  
  21  2:15  Barracks Reactor  
  21  2:22  Factory  
  21  2:26  SCV  
  21  2:28  Supply Depot  
  22  2:38  SCV  
  23  2:50  SCV  
  24  2:52  Marine x2  
  26  3:02  SCV  
  27  3:07  Barracks  
  27  3:10  Marine x2  
  27  3:12  Factory Tech Lab  
  29  3:14  SCV  
  30  3:20  Starport  
  30  3:50  Marine  
  30  3:53  SCV  
  32  3:57  Barracks Tech Lab  
  32  3:58  Siege Tank  
  32  3:59  Marine  
  32  4:00  Starport Reactor  
  36  4:03  Supply Depot, Engineering Bay  
  36  4:05  SCV  
  36  4:08  Marine  
  36  4:09  Orbital Command  
  38  4:31  Siege Tank, Marine x2  
  43  4:43  SCV  
  44  4:47  Marine, Stimpack  
  44  4:49  Supply Depot  
  42  4:52  Medivac  
  45  4:55  SCV  
  48  5:03  Siege Tank  
  51  5:08  SCV  
  52  5:20  SCV  
  46  5:33  Marine x2, Marauder  
  46  5:34  SCV  
  51  5:37  Refinery  
  51  5:38  Refinery  
  51  5:39  Siege Tank, Medivac x2  
  58  5:43  Engineering Bay  
  58  5:46  SCV  
  58  5:48  SCV  
  60  5:50  Marine  
  60  5:51  Marine  
  62  6:08  Supply Depot  
  62  6:10  Supply Depot x2  
  62  6:16  Supply Depot  
  62  6:20  Sensor Tower  
  62  6:23  Terran Infantry Weapons Level 1  
  62  6:27  Terran Infantry Armor Level 1  
  62  6:29  Marine x2  
  62  6:30  SCV x2, Marauder  
  68  6:42  SCV  
  69  6:47  Marine x2  
  69  6:51  Marauder  
  72  6:54  SCV  
  63  7:09  SCV  
  63  7:10  Marine x2  
  63  7:13  Medivac x2, Marauder  
  63  7:15  Combat Shield  
  72  7:21  SCV  
  73  7:24  Command Center  
  73  7:26  Barracks  
  73  7:27  Marine  
  73  7:28  Marine, Barracks  
  73  7:29  Armory  
  75  7:31  Supply Depot  
  75  7:33  SCV  
  75  7:34  Marauder  
  78  7:43  SCV  
  79  7:45  SCV  
  80  7:55  SCV  
  81  8:15  Barracks Reactor  
  81  8:16  Barracks Reactor  
  81  8:35  Terran Infantry Weapons Level 2, Terran Infantry Armor Level 2  
  81  8:36  Terran Vehicle Weapons Level 1  
  60  9:37  Marine x2, Marauder  
  54  9:42  Orbital Command  
  52  9:46  SCV  
  52  9:50  Marine  
  52  9:51  Marine x3  
  57  9:54  Marine  
  57  9:55  Marine, Viking x2  
  57  9:57  Siege Tank  
  57  9:59  Command Center, Marauder  
  68  10:04  Orbital Command  
  68  10:08  Marine x2  
  68  10:09  Marine x2  
  68  10:12  Marine  
  68  10:13  Marine  
  74  10:16  Supply Depot  
  74  10:20  Armory, Marauder  
  76  10:21  Armory  
  76  10:26  Marine x3  
  76  10:28  Marine  
  79  10:29  Siege Tank  
  79  10:30  Marine x2  
  85  10:37  Refinery  
  85  10:38  SCV  
  85  10:39  Refinery  
  85  10:41  Marine, Supply Depot  
  87  10:44  Marine, Terran Vehicle And Ship Armor Level 1  
  88  10:50  SCV  
  78  10:59  Marine  
  78  11:02  SCV  
  77  11:15  SCV  
  77  11:17  Marauder  
  80  11:19  Marine x3  
  80  11:20  Marine x3  
  80  11:22  Siege Tank  
  89  11:26  Liberator x2  
  89  11:27  SCV  
  96  11:37  Marine x3  
  96  11:38  Marine x2  
  96  11:39  Marauder  
  97  11:44  Orbital Command  
  97  11:48  Refinery  
  97  11:49  SCV  
  98  11:54  Siege Tank  
  98  11:57  Marine x2  
  98  11:58  Marine x4  
  98  12:00  Marauder  
  98  12:01  SCV  
  108  12:02  Command Center  
  108  12:13  SCV, Supply Depot  
  108  12:15  Marine x2  
  110  12:16  Marine x3  
  110  12:17  Terran Ship Weapons Level 1  
  110  12:21  Marauder  
  116  12:25  SCV  
  116  12:27  Siege Tank  
  120  12:37  SCV  
  120  12:43  Marauder  
  123  12:50  Marine x5  
  123  12:51  Marine  
  129  12:56  Liberator x2  
  135  12:59  Siege Tank, Supply Depot  
  135  13:00  Supply Depot  
  135  13:04  Marauder  
  139  13:08  Marine x6  
  117  13:25  Marine  
  114  13:28  Marine x3  
  114  13:29  Marine  
  114  13:31  Siege Tank  
  107  13:43  Marauder  
  109  13:52  Marine x6  
Tags
 
Add a new tag
Caveats
  • Supply blocks, unpowered buildings, or Contaminate may cause inaccurate times.
  • Supply counts are checked every 10 seconds.